 Dungeon Crawl Stone Soup version 0.17-a0-1733-ge90ece9 (webtiles) character file.

49 Geomchi the Conjurer (level 3, -3/19 HPs)
             Began as a Deep Elf Conjurer on Aug 30, 2015.
             Slain by a goblin (5 damage)
             ... led by Robin
             ... on level 2 of the Dungeon.
             The game lasted 00:02:59 (1965 turns).

Geomchi the Conjurer (Deep Elf Conjurer)            Turns: 1965, Time: 00:02:59

Health: -3/19      AC:  2    Str:  5    XL:     3   Next: 51%
Magic:  4/9        EV: 13    Int: 25    God:
Gold:   48         SH:  0    Dex: 15    Spells: 2 memorised, 5 levels left

rFire  . . .     SeeInvis .     f - +0 dagger
rCold  . . .     Clarity  .     a - +0 robe
rNeg   . . .     SustAt   .     (no shield)
rPois  .         Gourm    .     (no helmet)
rElec  .         Spirit   .     (no cloak)
rCorr  .         Warding  .     (no gloves)
rMut   .         Stasis   .     (no boots)
MR     .....                    (no amulet)
Stlth  +.........               (no ring)
                                (no ring)

@: confused, brilliant, not resistant to hostile enchantments, very unstealthy
A: no striking features
a: no special abilities


You were on level 2 of the Dungeon.
You were not hungry.

You visited 1 branch of the dungeon, and saw 2 of its levels.

You collected 48 gold pieces.

Inventory:

Hand weapons
 f - a +0 dagger (weapon)
Armour
 a - a +0 robe (worn)
Scrolls
 d - a scroll of random uselessness {unknown}
 e - a scroll of identify {unknown}
Potions
 g - a potion of brilliance
 h - a potion of lignification {unknown}
 j - a potion of heal wounds {unknown}
Books
 b - a book of Conjurations

   Spells                             Type                      Level
   a - Magic Dart                     Conjuration                  1
   b - Searing Ray                    Conjuration                  2
   c - Dazzling Spray                 Conjuration/Hexes            3
   d - Fulminant Prism                Conjuration/Hexes            4
   e - Iskenderun's Mystic Blast      Conjuration                  4
   f - Iskenderun's Battlesphere      Conjuration/Charms           5
Comestibles
 c - 4 bread rations {@e1}
 i - a slice of pizza


   Skills:
 + Level 2.7 Dodging
 - Level 2.4 Stealth
 - Level 3.0 Spellcasting
 + Level 5.7 Conjurations


You had 5 spell levels left.
You knew the following spells:

 Your Spells              Type           Power        Failure   Level  Hunger
a - Magic Dart            Conj           ####         1%          1    None
b - Searing Ray           Conj           #####.       1%          2    ##.....


Dungeon Overview and Level Annotations

Branches:
Dungeon (2/15)

Altars:

Annotations:
D:2 Robin


Message History

Robin roars a battlecry!
The goblin goes into a battle-frenzy!
Robin barely misses you.
You take 4 damage, and have 13/19 hp.
MASSIVE DAMAGE!!
The goblin hits you with a club.
You take 6 damage, and have 7/19 hp.
MASSIVE DAMAGE!!
You bump into the rock wall.
The goblin closely misses you. The goblin hits you.
* * * LOW HITPOINT WARNING * * *
The goblin hits you but does no damage.
You take 4 damage, and have 3/19 hp.
MASSIVE DAMAGE!!
You bump into the rock wall.
The goblin hits you but does no damage. The goblin hits you with a club.
* * * LOW HITPOINT WARNING * * *
You take 1 damage, and have 2/19 hp.
Drink which item? (? for menu, Esc to quit)
It was a potion of brilliance.
You feel clever all of a sudden. The goblin barely misses you.
The goblin hits you.
You die...

... ..# ... .. #.# ..
#.########.# ####.#......#.# ####
#.......###.#.#### ..#
#.........#..g.... #.#
#.##g.....#..†.$..
###.#######.####@#.....###...g##.
..........#....ggggg............
.##.##.##.######gg..........#.##.
....##.##.## #......#####..g)
.##........# ###...## #....g
.##.##..##.# #...# ..g....
.##.##..##.# #...# ...........#
#...# .....##<##.# #...#


You could see Robin, a hobgoblin (frenzied) and 5 goblins.

Vanquished Creatures
  An ooze (D:2)
  2 worms
  3 bats (D:1)
  5 hobgoblins
  3 jackals (D:1)
  9 kobolds
  A quokka (D:2)
  2 giant newts (D:1)
  6 goblins
  3 rats (D:1)
35 creatures vanquished.

Notes
Turn   | Place    | Note
--------------------------------------------------------------
     0 | D:1      | Geomchi the Deep Elf Conjurer began the quest for the Orb.
     0 | D:1      | Reached XP level 1. HP: 10/10 MP: 6/6
   365 | D:1      | Reached XP level 2. HP: 13/15 MP: 4/8
   403 | D:1      | Learned a level 2 spell: Searing Ray
   448 | D:1      | Reached skill level 5 in Conjurations
  1562 | D:2      | Reached XP level 3. HP: 19/19 MP: 3/9
  1941 | D:2      | Noticed Robin
  1965 | D:2      | Slain by a goblin

Vault maps used:
D:1:      lemuel_arrival_behind_the_door_large
D:2:      lemuel_coloured_pillars_altar, ecumenical_altar_2, uniq_robin

Action                   || total
-------------------------++-------
Melee: Dagger            ||     2
 Cast: Magic Dart        ||    78
  Use: Potion            ||     1
  Eat: Chunk             ||     3
